 Dungeon Crawl Stone Soup version 0.21-a0-91-ga5031da (webtiles) character file.

732 4thArraOfDagon the Slasher (level 7, -3/78 HPs)
             Began as a Demonspawn Chaos Knight on June 30, 2017.
             Slain by Prince Ribbit (17 damage)
             ... on level 6 of the Dungeon.
             The game lasted 00:03:09 (680 turns).

4thArraOfDagon the Slasher (Demonspawn Chaos Knight) Turns: 680, Time: 00:03:09

Health: -3/78      AC:  8    Str: 17    XL:     7   Next: 45%
Magic:  9/9        EV: 18    Int: 15    God:    Xom [*.....]
Gold:   32         SH:  0    Dex: 18    Spells: 6/6 levels left

rFire    . . .     SeeInvis .   a - +1 falchion (chaos)
rCold    . . .     Gourm    .   (no shield)
rNeg     . . .     Faith    .   b - +2 leather armour
rPois    .         Spirit   .   (no helmet)
rElec    .         Reflect  .   g - scarf {cloud immunity}
rCorr    .         Harm     .   (no gloves)
MR       .....                  (no boots)
Stlth    ..........             (no amulet)
HPRegen  1.23/turn              (no ring)
MPRegen  0.11/turn              (no ring)

@: agile, berserking, cleaving, very quick
A: slimy green scales 2, powered by death 1, rot immunity
a: Renounce Religion


You were on level 6 of the Dungeon.
You worshipped Xom.
You were a special plaything of Xom.
You were not hungry.

You visited 1 branch of the dungeon, and saw 6 of its levels.

You collected 32 gold pieces.

Inventory:

Hand Weapons
 a - a +1 falchion of chaos (weapon)
Armour
 b - a +2 leather armour (worn)
 d - a +0 ring mail
 g - a scarf of cloud immunity (worn)
Wands
 j - a wand of paralysis (0/24)
Potions
 k - a potion of agility
Comestibles
 c - a bread ration
 f - 2 royal jellies
 i - a fruit


   Skills:
 - Level 3.0 Fighting
 * Level 5.6 Long Blades
 + Level 3.7 Armour
 + Level 3.2 Dodging
 * Level 3.2 Evocations


You had 6 spell levels left.
You didn't know any spells.

Dungeon Overview and Level Annotations

Branches:
Dungeon (6/15)
 Temple: D:4-7

Altars:
Dithmenos
Xom

Shops:
D:6 [

Annotations:
D:5 Kidiri's ghost, novice DEFE
D:6 Prince Ribbit


Innate Abilities, Weirdness & Mutations

You are mostly covered in slimy green scales. (AC +3)
You regenerate a little health from kills.
You are immune to rotting.


Message History

You slash Prince Ribbit!
Prince Ribbit seems to speed up.
Prince Ribbit is heavily wounded.
Prince Ribbit hits you!
You hit Prince Ribbit.
Prince Ribbit goes berserk!
Prince Ribbit is severely wounded.
You miss the leopard gecko. Prince Ribbit misses you.
The leopard gecko misses you. Prince Ribbit misses you.
Unknown command.
You hit Prince Ribbit.
Prince Ribbit flickers and vanishes!
Deactivating autopickup; reactivate with Ctrl-A.
You barely miss the leopard gecko. Something hits you!!
* * * LOW HITPOINT WARNING * * *
The leopard gecko misses you.
You riposte.
You slash the leopard gecko! You burn the leopard gecko.
You kill the leopard gecko!
You slash something!
You feel better.
You completely miss something. Something hits you.
* * * LOW HITPOINT WARNING * * *
Something hits you!
You die...

* ,***,, , ,,,
###* ,, , , , ,
, #.. ,.. ,
,,,,,,,
#.#*#..***,
,,,,, #.# #..,
,,,,,, #.#
#.#**,** ,*
#.###.###,* ***
#{#.....#,#
#@#†#.#.#.###
****
#..))).......,
,
##..#.#.#.!.,**
* #......# * ,
#.##.### * *
#.##.#** *,*
#.##.., * *
#.####.# * *
#.# .# *,*


There were no monsters in sight!

Vanquished Creatures
  The ghost of 4thArraOfDagon the Slasher, an amateur DsCK of Xom (D:6)
  Grinder (D:6)
  An orc warrior (D:6)
  An ogre (D:6)
  A bullfrog (D:6)
  A hound (D:6)
  An iron imp (D:6)
  A howler monkey zombie (D:6)
  A worm (D:2)
  3 leopard geckos
  8 orcs
  A giant cockroach (D:6)
  A quokka (D:3)
  A frilled lizard (D:3)
  2 kobolds (D:1)
  A rat (D:1)
26 creatures vanquished.

Vanquished Creatures (others)
  An orc (D:5)
1 creature vanquished.

Grand Total: 27 creatures vanquished

Notes
Turn   | Place    | Note
-------+----------+-------------------------------------------
     0 | D:1      | 4thArraOfDagon the Demonspawn Chaos Knight began the quest for the Orb.
     0 | D:1      | Reached XP level 1. HP: 18/18 MP: 1/1
   135 | D:1      | XOM: divination: detect items
   137 | D:1      | Reached skill level 1 in Dodging
   186 | D:2      | Gained mutation: You are partially covered in slimy green scales. (AC +2) [demonic ancestry]
   186 | D:2      | Reached XP level 2. HP: 24/24 MP: 2/2
   214 | D:3      | Found a shadowy altar of Dithmenos.
   235 | D:3      | Reached skill level 3 in Long Blades
   288 | D:4      | Noticed a howler monkey
   291 | D:5      | Entered Level 5 of the Dungeon
   315 | D:5      | Noticed Kidiri's ghost (novice DEFE)
   326 | D:5      | XOM: divine lightning
   332 | D:5      | XOM: scenery: create altars
   333 | D:5      | XOM: confuse monster(s)
   334 | D:5      | XOM: potion effect (might)
   349 | D:6      | Noticed Grinder
   362 | D:6      | Killed Grinder
   362 | D:6      | Reached skill level 4 in Long Blades
   362 | D:6      | Gained mutation: You are immune to rotting. [demonic ancestry]
   362 | D:6      | Reached XP level 3. HP: 13/29 MP: 3/3
   362 | D:6      | Reached XP level 4. HP: 16/35 MP: 4/4
   362 | D:6      | Gained mutation: You are mostly covered in slimy green scales. (AC +3) [demonic ancestry]
   362 | D:6      | Reached XP level 5. HP: 19/41 MP: 5/5
   375 | D:6      | Noticed an orc warrior
   389 | D:6      | Killed an orc warrior
   389 | D:6      | Reached skill level 1 in Evocations
   389 | D:6      | Reached XP level 6. HP: 27/47 MP: 6/6
   391 | D:6      | Found Kickun's Armour Shop.
   392 | D:6      | Noticed 4thArraOfDagon's ghost (amateur DsCK)
   397 | D:6      | Killed 4thArraOfDagon's ghost
   397 | D:6      | Reached skill level 5 in Long Blades
   421 | D:6      | XOM: confuse monster(s)
   425 | D:6      | XOM: butterfly on damage
   426 | D:6      | Gained mutation: You regenerate a little health from kills. [demonic ancestry]
   426 | D:6      | Reached XP level 7. HP: 11/52 MP: 7/9
   630 | D:6      | XOM: cleaving
   643 | D:6      | XOM: polymorph crimson imp -> iron imp
   650 | D:6      | XOM: 1-stop teleportation journey
   651 | D:6      | Noticed Prince Ribbit
   665 | D:6      | XOM: divination: magic mapping
   680 | D:6      | Slain by Prince Ribbit

Vault maps used:
D:1:      onia_arrival_mini_maze_b
D:2:      grunt_temple_overflow_opulence, nicolae_overflow_crystal_walls,
          uniq_robin, uniq_terence
D:3:      lemuel_round_altar, nicolae_dithmenos_shadow_blocks,
          serial_bayou_lake_a
D:4:      kennysheep_mini, uniq_menkaure, uniq_ijyb
D:5:      kennysheep_little_box, first_bread, uniq_sigmund, uniq_edmund
D:6:      kennysheep_okawaru_gauntlet, serial_shops, shop_fountains,
          uniq_grinder, uniq_prince_ribbit1

Skill      XL: |  1  2  3  4  5  6  7 |
---------------+----------------------+-----
Dodging        | 1 2 3 |  3.2
Armour         | 3 |  3.7
Long Blades    | 4 5 |  5.6
Evocations     | 1 2 3 |  3.2
Fighting       | |  3.0

Action                   |  1- 3 |  4- 6 |  7- 9 || total
-------------------------+-------+-------+-------++-------
Melee: Falchion          |    27 |    15 |    43 ||    85
Evoke: Wand              |     1 |     4 |     5 ||    10
  Use: Scroll            |     2 |       |       ||     2
       Potion            |       |       |     3 ||     3
 Stab: Paralysed         |     4 |     9 |       ||    13
       Confused          |       |     2 |       ||     2
Armor: Leather armour    |     7 |     1 |    16 ||    24
Dodge: Dodged            |    14 |     2 |    61 ||    77
       Rpst.: Falchion   |     3 |     2 |    17 ||    22
